 Dungeon Crawl Stone Soup version 0.30-a0-354-g6b83867211 (webtiles) character file.

Game seed: 1626020534134380818

5793 Kranky the Charlatan (level 10, -2/77 HPs)
             Began as a Gnoll Wanderer on Nov 7, 2022.
             Was an Elder of Jiyva.
             Slain by an orc warrior
             ... wielding a +0 glaive
              (18 damage)
             ... in a bailey.
             The game lasted 00:25:59 (7671 turns).

Kranky the Charlatan (Gnoll Wanderer)               Turns: 7671, Time: 00:26:00

Health: -2/77      AC: 13    Str: 21    XL:     10   Next: 79%
Magic:  18/18      EV: 11    Int: 13    God:    Jiyva [****..]
Gold:   488        SH:  0    Dex: 12    Spells: 20/20 levels left

rFire   x . .      SeeInvis .    B - +4 war axe "Qajipod" {venom, Fly Will+ Str+3 Int+4}
rCold   + + .      Faith    +    (no shield)
rNeg    . . .      Spirit   .    f - +1 ice dragon scales
rPois   .          Reflect  .    (no helmet)
rElec   .          Harm     .    l - +0 cloak
rCorr   +          Rampage  .    (no gloves)
Will    +++..                    (boots unavailable)
Stlth   ++........               E - amulet "Tases" {Faith Will++}
HPRegen 1.60/turn                g - ring of resist corrosion
MPRegen 0.56/turn                (no ring)

@: flying
A: fangs 1, strong nose, distributed training, hooves 3, tendrils
a: Renounce Religion, Oozemancy, Slimify


You were in a bailey.
You worshipped Jiyva.
Jiyva was greatly pleased with you.
You visited 1 branch of the dungeon, and saw 9 of its levels.
You also visited: Sewer and Bailey.

You collected 488 gold pieces.

Inventory:

Hand Weapons
 a - a +2 vampiric spear
 b - a +0 hand axe
 B - the +4 war axe "Qajipod" (weapon) {venom, Fly Will+ Str+3 Int+4}
   (You found it on level 2 of the Dungeon)

   It poisons the flesh of those it strikes.
   Str:       It affects your strength (+3).
   Int:       It affects your intelligence (+4).
   Fly:       It grants you flight.
   Will:      It increases your willpower.
Missiles
 t - 5 javelins
 v - 2 throwing nets
 G - 13 poisoned darts
 J - a curare-tipped dart
Armour
 e - a +0 leather armour
 f - +1 ice dragon scales (worn)
 l - a +0 cloak (worn)
 u - a +4 scale mail
Jewellery
 g - a ring of resist corrosion (left hand)
 E - the amulet "Tases" (around neck) {Faith Will++}
   (You acquired it on level 9 of the Dungeon)

   [amulet of faith]

   It allows you to gain divine favour quickly.
   Will:      It greatly increases your willpower.
Wands
 c - a wand of polymorph (13) (quivered)
 n - a wand of digging (6)
 I - a wand of flame (15)
Scrolls
 h - 2 scrolls of enchant armour
 j - 4 scrolls of identify
 p - a scroll of brand weapon
 q - a scroll of silence
 s - 3 scrolls of blinking
 y - 3 scrolls of teleportation
 z - a scroll of poison {unknown}
 C - a scroll of enchant weapon {unknown}
 D - 2 scrolls of noise
 F - a scroll of vulnerability {unknown}
 L - 3 scrolls of fog
Potions
 d - 2 potions of haste
 i - 2 potions of mutation {unknown}
 k - 2 potions of resistance
 m - a potion of lignification {unknown}
 o - a potion of flight {unknown}
 r - a potion of heal wounds
 w - 2 potions of brilliance {unknown}
 x - a potion of attraction {unknown}
 A - a potion of might {unknown}
 H - a potion of ambrosia
 K - 2 potions of curing {unknown}


   Skills:
 + Level 6.4 Fighting
 + Level 5.8 Short Blades
 + Level 5.8 Long Blades
 + Level 7.5 Axes
 + Level 5.8 Maces & Flails
 + Level 7.5 Polearms
 + Level 5.8 Staves
 + Level 5.8 Ranged Weapons
 + Level 6.4 Throwing
 + Level 6.4 Armour
 + Level 5.8 Dodging
 + Level 6.3 Stealth
 + Level 5.8 Shields
 + Level 5.8 Unarmed Combat
 + Level 5.8 Spellcasting
 + Level 4.8 Conjurations
 + Level 4.8 Hexes
 + Level 4.8 Summonings
 + Level 4.8 Necromancy
 + Level 4.8 Translocations
 + Level 4.8 Transmutations
 + Level 4.8 Fire Magic
 + Level 4.8 Ice Magic
 + Level 4.8 Air Magic
 + Level 4.8 Earth Magic
 + Level 4.8 Poison Magic
 + Level 6.4 Invocations
 + Level 7.5 Evocations


You had 20 spell levels left.
You didn't know any spells.
Your spell library contained the following spells:

 Spells                   Type           Power      Damage    Failure   Level
 Blink                    Tloc           32%        N/A       11%         2
 Momentum Strike          Conj/Tloc      32%        3d8       11%         2
 Frozen Ramparts          Ice            32%        1d5       22%         3
 Hailstorm                Conj/Ice       16%        3d6       22%         3
 Lesser Beckoning         Tloc           32%        N/A       22%         3
 Ice Form                 Ice/Tmut       16%        N/A       56%         4
 Summon Ice Beast         Ice/Summ       16%        N/A       56%         4
 Simulacrum               Ice/Necr       8%         N/A       100%        6


Dungeon Overview and Level Annotations

Branches:
Dungeon (9/15)             Temple (0/1) D:4            Lair (0/5) D:8
  Sewer (visited)          Bailey (1/1)
    Orc: D:9-12

Altars:
Okawaru
Qazlal
Uskayaw
Vehumet

Shops:
D:2 *

Annotations:
D:7 2 transporters, CabbageHands's ghost, novice DjGl


Innate Abilities, Weirdness & Mutations

You have very sharp teeth.
Your uncanny sense of smell can sniff out nearby items.
Your experience applies equally to all skills.
You have hooves in place of feet.
You are covered in slimy tendrils that may disarm your opponents.


Message History

The orc warrior hits you!
* * * LOW HITPOINT WARNING * * *
The orc warrior attacks as you move away!
The orc warrior closely misses you.
The jelly closely misses the orc warrior.
The orc no longer looks unusually strong.
The orc completely misses the jelly.
The orc warrior hits the jelly with a +0 glaive!!
The jelly dies!
You slash the orc warrior!
You kill the orc warrior!
The orc warrior is no longer covered in acid.
The orc knight hits the jelly with a +0 glaive.
The orc knight is burned by acid!
The orc hits the jelly with a +0 spear!
The orc is burned by acid!
The jelly hits the orc.
The orc is splashed with acid.
The acid corrodes the orc!
The orc dies!
The orc warrior no longer looks unusually strong.
You hear a slurping noise.
There is an open gate here.
Something barely misses the jelly.
The jelly hits something.
You reach down and close the gate.
You start resting.
Something unseen breaks down the gate.
The orc knight roars a battlecry!
The orcs go into a battle-frenzy!
Aiming: Polymorph
Press: ? - help, Shift-Dir - straight line, f - orc knight
Aim: an orc knight, wielding a +0 glaive and wearing a +0 scale mail (lightly wounded, will become a guardian serpent, a mana viper, or a death drake, chance to affect: 50%)
Okay, then.
Jiyva says: Divide and consume!
There is an open door here.
The orc knight hits you from afar with a +0 glaive!!
You closely miss the orc warrior. You kick the orc warrior.
The orc warrior is heavily wounded.
The jelly misses the orc warrior.
The orc knight hits you from afar with a +0 glaive!
* * * LOW HITPOINT WARNING * * *
The orc warrior hits you with a +0 glaive!!
You die...

############ #######
#.∩........## ##.....#########
......#.....######.......#.....#.
.....###....#....#..##...'.....'.
J....J8...J.'...Joo.8....'.......
.....###....#...@#..##...'.....).
......#.....######.ooo...#...o)#.
#.∩........## ##.....#########
############ #######


You could see an orc knight, an orc warrior (strong) and 2 neutral jellies
(fellow slime).

Vanquished Creatures
  2 two-headed ogres
  A hornet (D:7)
  Sigmund (D:4)
  A shadow (D:7)
  Menkaure (D:7)
  A water moccasin (D:7)
  An ice beast (D:6)
  6 orc warriors (Bailey)
  A sky beast (D:6)
  3 ogres
  5 centaurs
  3 phantoms
  2 kobold brigands
  2 bullfrogs
  6 scorpions
  9 wights (D:7)
  A necrophage (D:5)
  9 killer bees
  3 howler monkeys (D:8)
  3 orc priests
  5 hounds
  3 jellies (Sewer)
  2 gnoll boudas
  3 iguanas
  4 orc wizards
  8 gnolls
  10 adders
  A river rat (Sewer)
  2 ufetubi (D:6)
  A dart slug (D:1)
  32 orcs
  10 ball pythons
  13 endoplasms
  5 giant cockroaches
  7 goblins
  8 hobgoblins
  8 jackals
  14 kobolds
  A quokka (D:1)
  6 bats
  6 frilled lizards
  11 rats
221 creatures vanquished.

Vanquished Creatures (others)
  A steam dragon (D:7)
  2 orc warriors (Bailey)
  A black bear (D:5)
  A bullfrog (D:9)
  3 wights (D:7)
  2 killer bees (D:7)
  A howler monkey (D:9)
  24 jellies
  An iguana (D:6)
  An orc wizard (D:4)
  5 gnolls
  A shadow imp (D:6)
  A worm (D:4)
  A dart slug (D:5)
  16 orcs
  2 endoplasms (D:4)
  2 kobolds (D:4)
  2 goblins (D:4)
  A fungus (D:8)
  3 plants (D:8)
71 creatures vanquished.

Grand Total: 292 creatures vanquished

Notes
Turn   | Place    | Note
-------+----------+-------------------------------------------
     0 | D:1      | Kranky the Gnoll Wanderer began the quest for the Orb.
     0 | D:1      | Kranky set off with the following items: a +2 spear, a +0
                  | hand axe, a wand of polymorph (6), a potion of haste, a +0
                  | leather armour.
     0 | D:1      | Reached XP level 1. HP: 17/17 MP: 1/1
   340 | D:1      | Reached XP level 2. HP: 22/23 MP: 2/2
   590 | D:1      | Reached XP level 3. HP: 28/28 MP: 3/3
   867 | D:1      | Found a faded altar of an unknown god.
  1063 | D:2      | Reached skill level 1 in Invocations
  1130 | D:2      | Found a stormy altar of Qazlal.
  1150 | D:2      | Found Gimm's Assorted Antiques.
  1438 | D:2      | Identified the +4 war axe "Qajipod" {venom, Fly Will+ Str+3
                  | Int+4}
  1493 | D:2      | Reached skill level 1 in Short Blades
  1493 | D:2      | Reached skill level 1 in Long Blades
  1493 | D:2      | Reached skill level 1 in Maces & Flails
  1493 | D:2      | Reached skill level 1 in Staves
  1493 | D:2      | Reached skill level 1 in Ranged Weapons
  1493 | D:2      | Reached skill level 1 in Dodging
  1493 | D:2      | Reached skill level 1 in Shields
  1493 | D:2      | Reached skill level 1 in Unarmed Combat
  1493 | D:2      | Reached skill level 1 in Spellcasting
  1787 | D:3      | Reached XP level 4. HP: 34/34 MP: 5/5
  1932 | D:3      | Reached skill level 1 in Conjurations
  1932 | D:3      | Reached skill level 1 in Hexes
  1932 | D:3      | Reached skill level 1 in Summonings
  1932 | D:3      | Reached skill level 1 in Necromancy
  1932 | D:3      | Reached skill level 1 in Translocations
  1932 | D:3      | Reached skill level 1 in Transmutations
  1932 | D:3      | Reached skill level 1 in Fire Magic
  1932 | D:3      | Reached skill level 1 in Ice Magic
  1932 | D:3      | Reached skill level 1 in Air Magic
  1932 | D:3      | Reached skill level 1 in Earth Magic
  1932 | D:3      | Reached skill level 1 in Poison Magic
  2143 | D:3      | Reached XP level 5. HP: 38/40 MP: 7/7
  2271 | D:3      | Found a glowing drain.
  2311 | Sewer    | Entered a sewer
  2578 | Sewer    | Reached XP level 6. HP: 45/47 MP: 8/8
  2616 | Sewer    | Reached skill level 5 in Axes
  2616 | Sewer    | Reached skill level 5 in Polearms
  2616 | Sewer    | Reached skill level 5 in Evocations
  2633 | Sewer    | Found a viscous altar of Jiyva.
  2645 | Sewer    | Became a worshipper of Jiyva Jaamacuk the Shapeless
  3403 | D:4      | Found a staircase to the Ecumenical Temple.
  3425 | D:4      | Noticed Sigmund
  3431 | D:4      | Killed Sigmund
  3432 | D:4      | Reached XP level 7. HP: 44/52 MP: 10/10
  3771 | D:4      | Reached * piety under Jiyva
  3956 | D:5      | Entered Level 5 of the Dungeon
  4376 | D:5      | Reached XP level 8. HP: 50/60 MP: 12/12
  4537 | D:5      | Found a radiant altar of Vehumet.
  4538 | D:5      | Reached ** piety under Jiyva
  5171 | D:7      | Reached XP level 9. HP: 21/67 MP: 13/15
  5267 | D:7      | Reached skill level 5 in Fighting
  5267 | D:7      | Reached skill level 5 in Throwing
  5267 | D:7      | Reached skill level 5 in Armour
  5283 | D:7      | Reached skill level 5 in Stealth
  5297 | D:7      | Noticed Menkaure
  5496 | D:7      | Killed Menkaure
  5645 | D:7      | Noticed a hornet
  5651 | D:7      | Reached *** piety under Jiyva
  5658 | D:7      | Found a transporter.
  5667 | D:7      | Reached skill level 5 in Invocations
  5700 | D:7      | Found a transporter.
  5704 | D:7      | Noticed CabbageHands's ghost (novice DjGl)
  5731 | D:7      | Noticed a hornet
  5771 | D:7      | Killed a hornet
  5870 | D:7      | Reached skill level 5 in Short Blades
  5870 | D:7      | Reached skill level 5 in Long Blades
  5870 | D:7      | Reached skill level 5 in Maces & Flails
  5870 | D:7      | Reached skill level 5 in Staves
  5870 | D:7      | Reached skill level 5 in Ranged Weapons
  5870 | D:7      | Reached skill level 5 in Dodging
  5870 | D:7      | Reached skill level 5 in Shields
  5870 | D:7      | Reached skill level 5 in Unarmed Combat
  5870 | D:7      | Reached skill level 5 in Spellcasting
  5870 | D:7      | Reached XP level 10. HP: 41/75 MP: 17/17
  5909 | D:7      | Noticed a two-headed ogre
  5938 | D:7      | Killed a two-headed ogre
  6638 | D:8      | Gained mutation: You are covered in slimy tendrils that may
                  | disarm your opponents. [Jiyva's grace]
  6638 | D:8      | Gained mutation: You have large cloven feet. [Jiyva's
                  | grace]
  6638 | D:8      | Gained mutation: You have hoof-like feet. [Jiyva's grace]
  6638 | D:8      | Gained mutation: You have hooves in place of feet. [Jiyva's
                  | grace]
  6667 | D:8      | Found a staircase to the Lair.
  6833 | D:8      | Reached **** piety under Jiyva
  7117 | D:8      | Found an iron altar of Okawaru.
  7132 | D:8      | Found a hide-covered altar of Uskayaw.
  7273 | D:8      | Noticed a two-headed ogre
  7293 | D:8      | Killed a two-headed ogre
  7364 | D:9      | Identified a scroll of acquirement
  7364 | D:9      | Acquired the amulet "Tases" {Faith Will++}
  7472 | D:9      | Found a flagged portal.
  7484 | Bailey   | Entered a bailey
  7637 | Bailey   | Noticed an orc knight
  7671 | Bailey   | Slain by an orc warrior

Illustrated notes

Levels and vault maps discovered:
D:1:      nagdon_arrival_zigzag_paths, layout_basic,
          chequers_ecumenical_altar_island, chequers_serial_rivers_micro_c
D:2:      layout_basic, serial_shops, nicolae_shop_trees, basic_altar,
          serial_rivers, chequers_serial_rivers_large_a,
          chequers_serial_rivers_micro_b, chequers_serial_rivers_micro_e,
          chequers_serial_rivers_micro_d
D:3:      layout_basic, portal_sewer_entry_c, minmay_quadrilaterals
D:4:      kb_forest_paths, layout_loops_ring, temple_green, uniq_sigmund
D:5:      layout_loops_ring, nicolae_vehumet_altar_sigil
D:6:      layout_rooms
D:7:      layout_rooms, gammafunk_ghost_hive, kennysheep_big_empty_room,
          minmay_manual_mullet, uniq_menkaure
D:8:      layout_loops_corners, minitemple, dpeg_oklobed_lair
D:9:      layout_loops_corners, amethyst_overflow_temple_binary, enter_bailey_2,
          st_stairs_3
Bailey:   bailey_polearm_5, bailey

Skill      XL: |  1  2  3  4  5  6  7  8  9 10 |
---------------+-------------------------------+-----
Invocations    | 1 2 3 4 5 6 |  6.4
Short Blades   | 1 2 3 4 5 |  5.8
Long Blades    | 1 2 3 4 5 |  5.8
Maces & Flails | 1 2 3 4 5 |  5.8
Staves         | 1 2 3 4 5 |  5.8
Ranged Weapons | 1 2 3 4 5 |  5.8
Dodging        | 1 2 3 4 5 |  5.8
Shields        | 1 2 3 4 5 |  5.8
Unarmed Combat | 1 2 3 4 5 |  5.8
Spellcasting   | 1 2 3 4 5 |  5.8
Conjurations   | 1 2 3 4 |  4.8
Hexes          | 1 2 3 4 |  4.8
Summonings     | 1 2 3 4 |  4.8
Necromancy     | 1 2 3 4 |  4.8
Translocations | 1 2 3 4 |  4.8
Transmutations | 1 2 3 4 |  4.8
Fire Magic     | 1 2 3 4 |  4.8
Ice Magic      | 1 2 3 4 |  4.8
Air Magic      | 1 2 3 4 |  4.8
Earth Magic    | 1 2 3 4 |  4.8
Poison Magic   | 1 2 3 4 |  4.8
Fighting       | 3 4 5 6 |  6.4
Throwing       | 3 4 5 6 |  6.4
Armour         | 3 4 5 6 |  6.4
Stealth        | 3 4 5 6 |  6.3
Axes           | 5 6 7 |  7.5
Polearms       | 5 6 7 |  7.5
Evocations     | 5 6 7 |  7.5

Action                   |  1- 3 |  4- 6 |  7- 9 | 10-12 || total
-------------------------+-------+-------+-------+-------++-------
Melee: Spear             |   120 |   217 |       |       ||   337
       Bite              |    13 |    14 |    27 |    12 ||    66
       Punch             |     1 |     2 |     6 |     4 ||    13
       War axe           |       |    23 |   230 |   114 ||   367
       Kick              |       |       |       |    21 ||    21
  Use: Scroll            |     3 |       |     1 |     7 ||    11
       Potion            |       |       |     2 |     1 ||     3
 Stab: Sleeping          |     1 |       |     1 |       ||     2
       Distracted        |       |       |     1 |       ||     1
Armor: Leather armour    |    14 |       |       |       ||    14
       Ice dragon scales |    20 |    80 |   135 |    85 ||   320
Dodge: Dodged            |    51 |    89 |   152 |    87 ||   379

Table legend: (Time is in decaauts)
 A = Elapsed time spent in this place.
 B = Non-inter-level travel time spent in this place.
 C = Inter-level travel time spent in this place.
 D = Time resting spent in this place.
 E = Time spent auto-exploring this place.
 F = Levels seen in this place.
 G = Mean time per level.
                   A        B        C        D        E       F      G
               +--------+--------+--------+--------+--------+-----+--------+
         Total |   7722 |   7378 |    344 |    435 |   5030 |  11 |  702.0 |
       Dungeon |   7158 |   6814 |    344 |    347 |   4878 |   9 |  795.3 |
         Sewer |    371 |    371 |      0 |     79 |    115 |   1 |  371.0 |
        Bailey |    192 |    192 |      0 |      9 |     36 |   1 |  192.0 |
               +--------+--------+--------+--------+--------+-----+--------+

Top non-repeatable levels by time:
     D:7: 1063 daAuts
     D:1: 1021 daAuts
     D:4: 958 daAuts
     D:8: 898 daAuts
     D:2: 806 daAuts
     D:3: 799 daAuts
     D:6: 724 daAuts
     D:5: 722 daAuts
   Sewer: 371 daAuts
  Bailey: 192 daAuts
     D:9: 162 daAuts
